 Dungeon Crawl Stone Soup version 0.32-a0-994-gabb26cbae4 (webtiles) character file.

Game seed: 15569883370542022491

29381 anKLM the Unseen (level 13, -7/98 HPs)
             Began as a Vampire Enchanter on Apr 22, 2024.
             Was a High Priest of Dithmenos.
             Mangled by an elephant (13 damage)
             ... on level 2 of the Lair of Beasts.
             The game lasted 00:39:49 (13949 turns).

anKLM the Unseen (Vampire Enchanter)               Turns: 13949, Time: 00:39:49

Health: -7/98      AC:  6    Str: 13    XL:     13   Next: 14%
Magic:  24/25      EV: 17    Int: 22    God:    Dithmenos [*****.]
Gold:   974        SH:  0    Dex: 18    Spells: 14/29 levels left

rFire   . . .        T - +1 dagger (elec)
rCold   . . .        (no shield)
rNeg    + . .        Y - +2 robe of Diubb {rN+ rCorr Dex+3}
rPois   .            m - +1 helmet
rElec   .            U - scarf {shadows}
rCorr   +            (no gloves)
SInv    +            (no boots)
Will    ++...        d - amulet of magic regeneration
Stlth   ++++++++++   i - ring of willpower
HPRegen 0.56/turn    o - +6 ring of strength
MPRegen 0.59/turn

%: no passive effects
@: healing quickly, wreathed by umbra
A: alive, fangs 3, see invisible, vampiric 2
a: Exsanguinate, Renounce Religion, Shadow Step, Shadow Form


You were on level 2 of the Lair of Beasts.
You worshipped Dithmenos.
Dithmenos was extremely pleased with you.
You visited 3 branches of the dungeon, and saw 15 of its levels.
You also visited: Ossuary.

You collected 1208 gold pieces.
You spent 234 gold pieces at shops.

Inventory:

Hand Weapons
 a - a +2 dagger of flaming
 g - a +0 rapier
 E - the +3 rapier of the Four Prophets {heavy, Int+3}
   (You bought it in a shop on level 7 of the Dungeon)

   Int+3:     It affects your intelligence (+3).
 M - a +2 dagger of venom
 N - a +1 short sword of draining
 Q - the +3 falchion of the Harvest {freeze, Str-5 Int+5}
   (You found it on level 10 of the Dungeon)

   Str-5:     It affects your strength (-5).
   Int+5:     It affects your intelligence (+5).
 T - a +1 dagger of electrocution (weapon)
Missiles
 f - 42 poisoned darts (quivered)
 s - a throwing net
 F - a curare-tipped dart
 X - 3 boomerangs
Armour
 m - a +1 helmet (worn)
 y - a +0 cloak
 J - a +1 robe of willpower
 L - a +2 robe of cold resistance
 R - a +0 troll leather armour
 U - a scarf of shadows (worn)
 Y - the +2 robe of Diubb (worn) {rN+ rCorr Dex+3}
   (You found it on level 2 of the Lair of Beasts)

   Dex+3:     It affects your dexterity (+3).
   rN+:       It protects you from negative energy.
   rCorr:     It protects you from acid and corrosion.
Jewellery
 d - an amulet of magic regeneration (around neck)
 h - a ring of protection from cold
 i - a ring of willpower (left hand)
 o - a +6 ring of strength (right hand)
 v - an amulet of reflection
 K - an amulet of the acrobat
 Z - an amulet of faith
Wands
 b - a wand of warping (34)
 B - a wand of quicksilver (10)
 G - a wand of polymorph (7)
 H - a wand of mindburst (10)
Scrolls
 j - 5 scrolls of poison
 p - 7 scrolls of teleportation
 t - a scroll of torment
 u - 3 scrolls of fear
 C - 2 scrolls of enchant armour
 I - 2 scrolls of vulnerability
 O - a scroll of immolation
 P - 2 scrolls of revelation
 S - a scroll of blinking
 V - 2 scrolls of enchant weapon
 W - 2 scrolls of identify
Potions
 c - 3 potions of invisibility
 e - 3 potions of berserk rage
 k - 2 potions of heal wounds
 l - 5 potions of might
 n - a potion of brilliance
 q - 5 potions of haste
 r - 3 potions of curing
 w - 2 potions of attraction
 x - 2 potions of enlightenment
 z - 3 potions of mutation
 A - a potion of magic
 D - 2 potions of ambrosia


   Skills:
 - Level 8.0 Fighting
 + Level 10.3 Short Blades
 + Level 10.4 Dodging
 + Level 15.0 Stealth
 + Level 8.6 Spellcasting
 + Level 13.4 Hexes
 - Level 4.0 Earth Magic


You had 14 spell levels left.
You knew the following spells:

 Your Spells              Type           Power      Damage    Failure   Level
a - Ensorcelled Hibernat  Hex/Ice        78%        N/A       1%          2
b - Confusing Touch       Hex            62%        N/A       1%          3
c - Tukima's Dance        Hex            62%        N/A       1%          3
d - Passwall              Erth           27%        N/A       4%          3
e - Anguish               Hex/Necr       19%        N/A       4%          4

Your spell library contained the following spells:

 Spells                   Type           Power      Damage    Failure   Level
 Sandblast                Erth           54%        2d13      1%          1
 Dazzling Flash           Conj/Hex       78%        N/A       1%          3
 Apportation              Tloc           18%        N/A       7%          1
 Necrotise                Necr           36%        1d5       7%          1
 Sting                    Conj/Alch      36%        1d5       7%          1
 Summon Small Mammal      Summ           36%        N/A       7%          1
 Stone Arrow              Conj/Erth      36%        3d9       10%         3
 Fugue of the Fallen      Necr           9%         N/A       22%         3


Dungeon Overview and Level Annotations

Branches:
Dungeon (12/15)            Temple (1/1) D:4            Lair (2/5) D:11
  Swamp (0/4) Lair:2       Spider (0/4) Lair:2          Orc (0/2) D:12
Ossuary (visited)

Altars:
Ashenzari
Cheibriados
Dithmenos
Fedhas
Gozag
Hepliaklqana
Kikubaaqudgha
Makhleb
Nemelex Xobeh
Okawaru
Qazlal
Ru
Sif Muna
Trog
Uskayaw
Vehumet
Wu Jian
Xom
Yredelemnul

Shops:
D:7 (   D:8 *

Annotations:
Lair:2 2 transporters, grizmgrazm2's ghost, journeyman TrFi


Innate Abilities, Weirdness & Mutations

Your natural rate of healing is accelerated.
You have razor-sharp teeth.
You have supernaturally acute eyesight. (SInv)
You are afflicted with vampirism and can become a bat while bloodless.


Message History

Aim: an elephant (umbra, chance to affect: 30%)
The elephant looks drowsy...
The elephant tramples you!
You hold your ground!
The elephant is wracked by anguish!
The elephant closely misses you. The elephant tramples you.
You hold your ground!
The elephant is wracked by anguish.
The elephant barely misses you.
The helpless elephant fails to defend itself.
You spit the elephant like a pig!!!!
Lightning courses through the elephant!!
You kill the elephant!
Dithmenos accepts your kill. The elephant misses you.
The elephant trunk-slaps you but does no damage.
Your Stealth skill increases to level 15!
Casting: Ensorcelled Hibernation (safe; 1% risk of failure)
Confirm with . or Enter, or press ? or * to list all spells.
Aiming: Ensorcelled Hibernation (safe; 1% risk of failure)
Press: ? - help, Shift-Dir - straight line, f - elephant
Aim: an elephant (moderately wounded, anguished, umbra, chance to affect: 31%)
The elephant easily resists.
Your shadow mimics your spell!
The elephant resists with almost no effort.
The elephant tramples you!
* * * LOW HITPOINT WARNING * * *
You hold your ground!
The elephant is wracked by anguish!
The elephant completely misses you. The elephant misses you. x2
The elephant tramples you!
* * * LOW HITPOINT WARNING * * *
You hold your ground!
The elephant is wracked by anguish!
The elephant misses you.
There is a stone staircase leading up, spattered with blood here.
The elephant attacks as it pursues you! The elephant closely misses you.
The elephant trunk-slaps you but does no damage.
The elephant attacks as it pursues you! The elephant tramples you.
* * * LOW HITPOINT WARNING * * *
You stumble backwards!
The elephant is wracked by anguish.
The elephant attacks as it pursues you! The elephant tramples you!
* * * LOW HITPOINT WARNING * * *
You stumble backwards!
The elephant is wracked by anguish!
The elephant attacks as it pursues you! The elephant tramples you!
You die...

# #..# #.....####...####^#####...
####.# #..#.## ##.........# ##..
#≈≈#.###÷.#.# ##.......######..
≈≈≈≈..÷..##.# ##P÷.#.##.##P#.#..
≈~≈~≈~≈≈≈#..## #P...#............
~#~####≈≈##..# ###...............
~#≈..###≈##.#####........©.......
##.#..##≈..<.Y..##...#########...
####..##≈.÷÷...Y@.÷.##ß.(?!"ß##..
# #.####..÷##..##..#.k...$...#..
####†# #...P#.###..#..#...#..#..
##...# #....####...#.#.....#.#..
.....# #....# #.#..#....©....#..
..#### #<...###....#.#.....#.#..
~## #....#P.....#Sw#...#..#.. #~#
#†...#P.....#kSW.....©#.. ###
#...........##ßk....ß##..


You could see 2 elephants and a wyvern (wandering).

Vanquished Creatures
  A hydra (Lair:2)
  A catoblepas (Lair:1)
  3 two-headed ogres
  The ghost of koorschki the Martial Artist, a novice DsSh of Ashenzari (D:7)
  Pikel (D:9)
  A cyclops (D:12)
  8 elephants (Lair:2)
  A black mamba (Lair:1)
  A cane toad (Lair:2)
  An unseen horror (D:12)
  A kobold demonologist (D:11)
  11 komodo dragons
  Psyche (D:9)
  2 trolls
  3 hornets
  3 jumping spiders (Lair:2)
  Grinder (D:5)
  8 blink frogs
  A glass eye (D:9)
  2 culicivoras (Lair:2)
  A vampire (D:12)
  3 shadows
  A water elemental (D:12)
  A wyvern (D:9)
  2 basilisks (D:12)
  2 wraiths (D:9)
  33 yaks
  A redback (Lair:2)
  5 vampire mosquitoes (D:10)
  2 acid dragons
  8 water moccasins
  3 black bears
  An orc warrior (D:9)
  A sky beast (D:7)
  An ice beast (D:6)
  4 wolves (Lair:1)
  2 ogres
  5 centaurs
  2 phantoms (D:5)
  3 lemures
  5 kobold brigands
  10 bullfrogs
  2 gnoll sergeants
  4 scorpions
  4 wights
  A killer bee (D:9)
  2 electric eels
  3 jellies (D:5)
  A howler monkey (D:5)
  2 orc priests
  2 hounds
  Crazy Yiuf (D:5)
  A sleepcap (D:6)
  2 centaur skeletons (D:7)
  14 iguanas
  Natasha (thrice) (D:4)
  10 orc wizards
  A scorpion zombie (D:5)
  4 hound zombies (D:5)
  A hound skeleton (D:5)
  8 mummies (Ossuary)
  A howler monkey skeleton (D:5)
  3 gnolls (D:10)
  7 adders
  2 shadow imps
  4 white imps
  An ufetubus (D:4)
  An adder skeleton (D:5)
  A dart slug (D:2)
  27 orcs
  11 endoplasms
  A giant cockroach (D:2)
  A gnoll zombie (Ossuary)
  8 goblins
  6 hobgoblins
  A jackal (D:2)
  23 kobolds
  A quokka (D:4)
  A ball python (D:2)
  2 bats
  14 frilled lizards
  3 hobgoblin zombies (Ossuary)
  2 kobold zombies (Ossuary)
  2 orc zombies (Ossuary)
  3 rats
340 creatures vanquished.

Vanquished Creatures (collateral kills)
  2 two-headed ogres
  Jeremiah (D:6)
  A gnoll sergeant (D:10)
  6 wights (D:9)
  A kobold (D:9)
11 creatures vanquished.

Grand Total: 351 creatures vanquished

Notes
Turn   | Place    | Note
-------+----------+-------------------------------------------
     0 | D:1      | anKLM the Vampire Enchanter began the quest for the Orb.
     0 | D:1      | Reached XP level 1. HP: 13/13 MP: 3/3
   520 | D:1      | Reached XP level 2. HP: 8/19 MP: 5/5
   529 | D:1      | Learned a level 2 spell: Ensorcelled Hibernation
  1696 | D:2      | Gained mutation: You are afflicted with vampirism and can
                  | become a bat while bloodless. [Vampire growth]
  1696 | D:2      | Reached XP level 3. HP: 19/25 MP: 6/6
  1709 | D:2      | Learned a level 3 spell: Confusing Touch
  2216 | D:3      | Reached skill level 1 in Fighting
  2365 | D:3      | Found a faded altar of an unknown god.
  2556 | D:3      | Found a shimmering blue altar of Sif Muna.
  2808 | D:4      | Reached skill level 5 in Stealth
  2808 | D:4      | Reached XP level 4. HP: 32/32 MP: 4/7
  2880 | D:4      | Noticed a scorpion
  2885 | D:4      | Killed a scorpion
  2886 | D:4      | Reached skill level 5 in Hexes
  2886 | D:4      | Reached XP level 5. HP: 37/37 MP: 8/8
  2891 | D:4      | Learned a level 3 spell: Tukima's Dance
  2926 | D:4      | Noticed an ogre
  2930 | D:4      | Killed an ogre
  3079 | D:4      | Noticed Natasha
  3096 | D:4      | Killed Natasha
  3097 | D:4      | Reached XP level 6. HP: 29/44 MP: 10/10
  3139 | D:4      | Found a stormy altar of Qazlal.
  3173 | D:4      | Found a staircase to the Ecumenical Temple.
  3192 | Temple   | Entered the Ecumenical Temple
  3206 | Temple   | Became a worshipper of Dithmenos the Shadowed
  3328 | D:4      | Reached skill level 6 in Stealth
  3394 | D:4      | Found a radiant altar of Vehumet.
  3395 | D:4      | Found a sacrificial altar of Ru.
  3609 | D:4      | Noticed Natasha
  3613 | D:4      | Killed Natasha
  3652 | D:4      | Learned a level 3 spell: Passwall
  3696 | D:4      | Noticed Natasha
  3707 | D:4      | Killed Natasha
  3777 | D:5      | Entered Level 5 of the Dungeon
  3877 | D:5      | Reached skill level 1 in Earth Magic
  3877 | D:5      | Reached XP level 7. HP: 51/51 MP: 7/12
  3889 | D:5      | You fall into a shaft and drop 3 floors!
  4080 | D:5      | Reached * piety under Dithmenos
  4089 | D:5      | HP: 1/51 [acid (8)]
  4453 | D:5      | Reached skill level 7 in Stealth
  4455 | D:5      | Found a sand-covered staircase.
  4475 | Ossuary  | Entered an ossuary
  4651 | Ossuary  | Reached ** piety under Dithmenos
  4652 | Ossuary  | Reached XP level 8. HP: 58/58 MP: 13/13
  4933 | D:5      | Noticed Grinder
  4942 | D:5      | Killed Grinder
  5014 | D:5      | Reached skill level 5 in Dodging
  5227 | D:5      | Found a runed translucent door.
  5228 | D:5      | Noticed Crazy Yiuf
  5235 | D:5      | Killed Crazy Yiuf
  5694 | D:6      | Noticed Jeremiah
  5704 | D:6      | Killed Jeremiah
  5705 | D:6      | Reached skill level 8 in Stealth
  5759 | D:6      | Reached skill level 5 in Short Blades
  5887 | D:7      | Reached XP level 9. HP: 65/65 MP: 13/15
  5980 | D:7      | Noticed a troll
  5986 | D:7      | Killed a troll
  6026 | D:7      | Found a runed translucent gate.
  6026 | D:7      | Found a runed translucent gate.
  6026 | D:7      | Found a runed translucent gate.
  6178 | D:7      | Found Heseh's Antique Weapon Shop.
  6187 | D:7      | Bought a translucent rapier for 234 gold pieces
  6187 | D:7      | Identified the +3 rapier of the Four Prophets {heavy,
                  | Int+3} (You bought it in a shop on level 7 of the Dungeon)
  6278 | D:7      | Reached *** piety under Dithmenos
  6506 | D:7      | Reached skill level 9 in Stealth
  6786 | D:7      | Noticed koorschki's ghost (novice DsSh)
  6827 | D:7      | Killed koorschki's ghost
  6828 | D:7      | Reached skill level 5 in Spellcasting
  6953 | D:8      | Learned a level 4 spell: Anguish
  7081 | D:8      | Found Deg Daig's General Store.
  7111 | D:8      | Reached skill level 10 in Stealth
  7472 | D:9      | Noticed Pikel
  7521 | D:9      | Reached skill level 5 in Fighting
  7553 | D:9      | Reached XP level 10. HP: 64/74 MP: 15/18
  7763 | D:9      | Noticed a two-headed ogre
  7791 | D:9      | Killed a two-headed ogre
  7916 | D:9      | Reached skill level 11 in Stealth
  7961 | D:9      | Killed Pikel
  8028 | D:9      | Reached **** piety under Dithmenos
  8032 | D:9      | Reached skill level 10 in Hexes
  8317 | D:9      | Noticed Psyche
  8326 | D:9      | Killed Psyche
  8459 | D:9      | Reached XP level 11. HP: 42/81 MP: 15/20
  8562 | D:10     | Entered Level 10 of the Dungeon
  8753 | D:10     | Found a broken altar of Ashenzari.
  8753 | D:10     | Found a hazy altar of Hepliaklqana.
  8768 | D:10     | Identified the +3 falchion of the Harvest {freeze, Str-5
                  | Int+5}
  9110 | D:10     | Reached skill level 12 in Stealth
  9311 | D:10     | Noticed a two-headed ogre
  9314 | D:10     | Killed a two-headed ogre
  9613 | D:11     | Noticed a two-headed ogre
  9624 | D:11     | Noticed a sun demon
  9625 | D:11     | Killed a two-headed ogre
  9860 | D:11     | Reached ***** piety under Dithmenos
 10012 | D:10     | HP: 3/83 [vampire mosquito (11)]
 10229 | D:11     | Found a staircase to the Lair.
 10354 | D:11     | Noticed a two-headed ogre
 10360 | D:11     | Killed a two-headed ogre
 10592 | D:12     | Reached skill level 13 in Stealth
 10716 | D:12     | Reached XP level 12. HP: 91/91 MP: 23/23
 10733 | D:12     | Noticed a two-headed ogre
 10999 | D:12     | Found a staircase to the Orcish Mines.
 11143 | D:12     | Killed a two-headed ogre
 11269 | Lair:1   | Entered Level 1 of the Lair of Beasts
 11723 | Lair:1   | Noticed a catoblepas
 12703 | Lair:1   | Killed a catoblepas
 12716 | Lair:2   | Reached skill level 14 in Stealth
 12877 | Lair:2   | Reached skill level 10 in Dodging
 13026 | Lair:2   | Reached skill level 10 in Short Blades
 13327 | Lair:2   | Found a transporter.
 13335 | Lair:2   | Identified the +2 robe of Diubb {rN+ rCorr Dex+3}
 13370 | Lair:2   | Found a staircase to the Swamp.
 13476 | Lair:2   | Found a hole to the Spider Nest.
 13543 | Lair:2   | Reached XP level 13. HP: 98/98 MP: 16/25
 13617 | Lair:2   | Found a transporter.
 13617 | Lair:2   | Noticed grizmgrazm2's ghost (journeyman TrFi)
 13940 | Lair:2   | Reached skill level 15 in Stealth
 13949 | Lair:2   | Mangled by an elephant

Illustrated notes

Levels and vault maps discovered:
D:1:      minmay_arrival_diagonal_passages, layout_basic, serial_curves,
          eino_curves_03, eino_curves_03
D:2:      minmay_recursive_quarters, layout_loops_corners
D:3:      layout_loops_ring, mainiacjoe_overflow_brackets,
          basic_ecumenical_altar
D:4:      kennysheep_six_static_rooms, layout_gridville, zin_scriptorium,
          nicolae_qazlal_general_emergency, gammafunk_temple_overflow_statue,
          minmay_temple_entry_mini_moons, minmay_misc_feat_chi,
          minmay_surrounded, uniq_natasha
D:5:      layout_gridville, mainiacjoe_ossuary_entry_find_the_door,
          minivault_23, uniq_crazy_yiuf_cottage, uniq_grinder
D:6:      layout_rooms, nicolae_figureground_sparkle, uniq_jeremiah
D:7:      layout_basic, serial_shops, nicolae_shop_window_shopping,
          gammafunk_ghost_necromancy
D:8:      layout_basic, serial_shops, shop
D:9:      layout_roguey, tso_altar, minmay_misc_feat_iff, onia_ninara_cookie,
          uniq_pikel, uniq_psyche
D:10:     layout_grid_maze, mainiacjoe_overflow_large_starburst,
          corexii_hall_statues_s, kennysheep_generic_room_13
D:11:     layout_small_grid, grunt_lair_entry_orc_guard_hut
D:12:     cheibrodos_helix_gallery, layout_basic, orc_0_dummy
Temple:   eino_temple_water
Lair:1:   statuecave_lemuel, layout_regular_city, infiniplex_staircase_pool,
          grunt_megastairs_5
Lair:2:   lemuel_reptile_caves, layout_gridlike, swamp_mist_pool,
          nicolae_spider_entry_tight_spaces, gammafunk_ghost_arena

Skill      XL: |  1  2  3  4  5  6  7  8  9 10 11 12 13 |
---------------+----------------------------------------+-----
Fighting       | 1 2 3 4 5 6 7 8 |  8.0
Short Blades   | 2 3 4 5 6 7 8 10 | 10.3
Stealth        | 5 6 7 8 10 11 13 14 15 | 15.0
Dodging        | 3 4 5 6 7 8 10 | 10.4
Hexes          | 5 6 7 8 10 11 13 | 13.4
Spellcasting   | 3 4 5 6 7 8 |  8.6
Earth Magic    | 1 2 3 4 |  4.0

Action                     |  1- 3 |  4- 6 |  7- 9 | 10-12 | 13-15 || total
---------------------------+-------+-------+-------+-------+-------++-------
  Melee: Dagger            |    69 |    58 |   262 |   357 |    40 ||   786
         Bite              |     5 |     6 |    33 |    28 |     9 ||    81
         Rapier            |       |       |     9 |       |       ||     9
   Cast: Ensorcelled Hiber |    23 |    27 |    47 |   166 |    19 ||   282
         Confusing Touch   |       |     1 |    25 |    23 |     2 ||    51
         Tukima's Dance    |       |       |     4 |     9 |       ||    13
         Passwall          |       |       |       |     3 |       ||     3
         Anguish           |       |       |       |       |     2 ||     2
    Use: Scroll            |    11 |     3 |     8 |     7 |     1 ||    30
         Potion            |       |       |     1 |     3 |       ||     4
   Stab: Sleeping          |    22 |    19 |    51 |   143 |     9 ||   244
         Confused          |       |     1 |    19 |    21 |     2 ||    43
         Distracted        |       |       |       |     1 |       ||     1
 Armour: Robe              |    38 |       |       |   193 |    27 ||   258
         Leather armour    |     5 |    33 |    82 |    38 |       ||   158
         Skin              |       |       |       |     1 |       ||     1
  Dodge: Dodged            |    36 |    36 |   116 |   300 |    47 ||   535

Table legend: (Time is in decaauts)
 A = Elapsed time spent in this place.
 B = Non-inter-level travel time spent in this place.
 C = Inter-level travel time spent in this place.
 D = Time resting spent in this place.
 E = Time spent auto-exploring this place.
 F = Levels seen in this place.
 G = Mean time per level.
                   A        B        C        D        E       F      G
               +--------+--------+--------+--------+--------+-----+--------+
         Total |  13770 |  13142 |    628 |    422 |   8805 |  16 |  860.6 |
       Dungeon |  10761 |  10254 |    507 |    309 |   7181 |  12 |  896.8 |
        Temple |     28 |      2 |     26 |      0 |      0 |   1 |   28.0 |
          Lair |   2620 |   2525 |     95 |    113 |   1485 |   2 | 1310.0 |
       Ossuary |    360 |    360 |      0 |      0 |    139 |   1 |  360.0 |
               +--------+--------+--------+--------+--------+-----+--------+

Top non-repeatable levels by time:
  Lair:1: 1476 daAuts
    D:10: 1230 daAuts
     D:5: 1185 daAuts
     D:2: 1162 daAuts
  Lair:2: 1144 daAuts
     D:7: 1021 daAuts
     D:9: 988 daAuts
     D:1: 981 daAuts
     D:4: 953 daAuts
    D:11: 776 daAuts
     D:8: 679 daAuts
    D:12: 656 daAuts
     D:3: 643 daAuts
     D:6: 481 daAuts
 Ossuary: 360 daAuts
